 Dungeon Sprint DCSS version 0.21-a0-278-ga722497 (webtiles) character file.

13 Kidiri the Ruffian (level 2, 0/24 HPs)
             Began as a Draconian Transmuter on Sept 20, 2017.
             Was a Believer of Wu Jian.
             Slain by an orc
             ... wielding a +0 hand axe
              (4 damage)
             ... in the Dungeon (Sprint VII: "The Pits").
             The game lasted 00:01:39 (415 turns).

Kidiri the Ruffian (Draconian Transmuter)            Turns: 415, Time: 00:01:40

Health: 0/24       AC:  4    Str: 12    XL:     2   Next: 24%
Magic:  4/6        EV: 12    Int: 13    God:    Wu Jian [**....]
Gold:   0          SH:  0    Dex: 11    Spells: 6/7 levels left

rFire    . . .     SeeInvis .     - Unarmed
rCold    . . .     Gourm    .   (no shield)
rNeg     . . .     Faith    .   (armour unavailable)
rPois    .         Spirit   .   (helmet restricted)
rElec    .         Reflect  .   (no cloak)
rCorr    .         Harm     .   (no gloves)
MR       .....     NoTele   +   (boots currently unavailable)
Stlth    +.........             (no amulet)
HPRegen  0.08/turn              (no ring)
MPRegen  0.10/turn              (no ring)

@: appendage (expiring)
A: unfitting armour, talons 3, cold-blooded, AC +4
a: End Transformation, Renounce Religion


You were in the Dungeon.
You worshipped Wu Jian.
Wu Jian was pleased with you.
You were not hungry.
You had grown temporary talons.
You visited 1 branch

Inventory:

Missiles
 a - 12 arrows
Scrolls
 i - a scroll of blinking
 k - 3 scrolls of remove curse
 l - 5 scrolls of amnesia
 m - a scroll of summoning
Potions
 d - a potion of curing
 e - a potion of heal wounds
 f - a potion of haste
 g - 4 potions of magic
 h - 3 potions of berserk rage
 j - 2 potions of invisibility
Books
 b - a book of Changes

   Spells                             Type                      Level
   a - Beastly Appendage              Transmutation                1
   b - Sticks to Snakes               Transmutation                2
   c - Spider Form                    Transmutation/Poison         3
   d - Ice Form                       Ice/Transmutation            4
   e - Blade Hands                    Transmutation                5
Comestibles
 c - 8 bread rations
 n - 40 fruits
 o - 7 meat rations
 p - 3 chunks of flesh


   Skills:
 + Level 1.8 Fighting
 * Level 2.6 Dodging
 * Level 3.8 Unarmed Combat
 * Level 3.0 Spellcasting
 + Level 2.4 Transmutations


You had 6 spell levels left.
You knew the following spells:

 Your Spells              Type           Power        Failure   Level  Hunger
a - Beastly Appendage     Tmut           #.....       9%          1    #......


Dungeon Overview and Level Annotations

Branches:
Dungeon (1/1)

Altars:
Ashenzari
Cheibriados
Dithmenos
Elyvilon
Fedhas
Gozag
Hepliaklqana
Kikubaaqudgha
Makhleb
Nemelex Xobeh
Okawaru
Qazlal
Ru
Sif Muna
Trog
Uskayaw
Vehumet
Wu Jian
Xom
Yredelemnul
Zin
The Shining One
Beogh
Jiyva
Lugonu


Innate Abilities, Weirdness & Mutations

Your plain brown scales are hard. (AC +4)
You cannot fit into any form of body armour.
You are cold-blooded and may be slowed by cold attacks.
You have claws for feet.


Message History

The ooze is heavily wounded.
Something hits you but does no damage. The ooze hits you but does no damage.
You spin and attack the ooze.
You hit the ooze.
The ooze is almost dead.
You spin and attack the jackal.
You closely miss the jackal. You claw the jackal.
You kill the jackal!
The Council accepts your kill.
Your Spellcasting skill increases to level 3!
Something hits you but does no damage. The ooze hits you.
The orc hits you but does no damage.
You spin and attack the orc.
You closely miss the orc. Your kick misses the orc.
You tail-slap the orc, but do no damage.
Something hits you!
* * * LOW HITPOINT WARNING * * *
Something hits you.
* * * LOW HITPOINT WARNING * * *
The orc hits you with a hand axe.
You die...

#_________.#
#_______...#########
##########+##.......
#.?(.+)))+.##......#
##########.##.......
#.........).'.......
+#####'#####......#
#..#..#..##.......
#@J'..+..#####+###
##o####+###.......
#..o. #.......
#...... #.......
#####+## #...<...
#....... #.......
#....... ########


You could see an ooze and 2 orcs.

Vanquished Creatures
  An orc (D)
  3 giant cockroaches (D)
  2 jackals (D)
  A quokka (D)
  2 goblins (D)
  A rat (D)
10 creatures vanquished.

Notes
Turn   | Place    | Note
-------+----------+-------------------------------------------
     0 | D        | Kidiri the Draconian Transmuter began the quest for the Orb.
     0 | D        | Reached XP level 1. HP: 16/16 MP: 3/3
    48 | D        | Found a bloodstained altar of Trog.
    48 | D        | Found a deep blue altar of Sif Muna.
    48 | D        | Found a viscous altar of Jiyva.
    48 | D        | Found a hazy altar of Hepliaklqana.
    48 | D        | Found an opulent altar of Gozag.
    49 | D        | Found a glowing golden altar of the Shining One.
    49 | D        | Found a glowing silver altar of Zin.
    49 | D        | Found a basalt altar of Yredelemnul.
    49 | D        | Found a shimmering altar of Xom.
    49 | D        | Found an ornate altar of the Wu Jian Council.
    49 | D        | Found a sacrificial altar of Ru.
    49 | D        | Found a stormy altar of Qazlal.
    49 | D        | Found an iron altar of Okawaru.
    49 | D        | Found a sparkling altar of Nemelex Xobeh.
    49 | D        | Found a burning altar of Makhleb.
    49 | D        | Found a blossoming altar of Fedhas.
    49 | D        | Found a white marble altar of Elyvilon.
    49 | D        | Found a shadowy altar of Dithmenos.
    49 | D        | Found a snail-covered altar of Cheibriados.
    51 | D        | Found a radiant altar of Vehumet.
    51 | D        | Found a corrupted altar of Lugonu.
    51 | D        | Found a roughly hewn altar of Beogh.
    52 | D        | Found a hide-covered altar of Uskayaw.
    52 | D        | Found an ancient bone altar of Kikubaaqudgha.
    52 | D        | Found a shattered altar of Ashenzari.
    58 | D        | Became a worshipper of the Wu Jian Council
   270 | D        | Reached * piety under Wu Jian
   402 | D        | Noticed an orc wizard
   403 | D        | Reached ** piety under Wu Jian
   403 | D        | Reached XP level 2. HP: 23/23 MP: 3/5
   415 | D        | Slain by an orc

Vault maps used:
D:        pitsprint

Skill      XL: |  1  2 |
---------------+-------+-----
Dodging        | 2 |  2.6
Spellcasting   | 3 |  3.0
Fighting       | |  1.8
Unarmed Combat | |  3.8
Transmutations | |  2.4

Action                   || total
-------------------------++-------
Melee: Unarmed           ||    31
       Kick              ||     7
       Tailslap          ||     6
 Cast: Beastly Appendage ||     5
Armor: Skin              ||     8
Dodge: Dodged            ||    11

Table legend:
 A = Spawn XP
 B = Non-spawn XP
 C = Spawn XP percentage of total XP
 D = Spawn monster count
 E = Non-spawn monster count
 F = Spawn count percentage of total count
 G = Total turns spent on level
                    A         B        C        D         E        F      G
               +---------+---------+-------+---------+---------+-------+---------
         Total |       0 |      19 |   0.0 |       0 |      10 |   0.0 |   415
               +---------+---------+-------+---------+---------+-------+---------
             D |       0 |      19 |   0.0 |       0 |      10 |   0.0 |   415
               +---------+---------+-------+---------+---------+-------+---------
